 Dungeon Crawl Stone Soup version 0.31-a0-185-g9dded2c639 (webtiles) character file.

Game seed: 17764528127076094840

44 qw the Shooter (level 3, -3/20 HPs)
             Began as a Deep Elf Hunter on June 22, 2023.
             Slain by Sigmund
             ... wielding a +0 scythe
              (11 damage)
             ... on level 2 of the Dungeon.
             The game lasted 00:00:24 (999 turns).

qw the Shooter (Deep Elf Hunter)                     Turns: 999, Time: 00:00:24

Health: -3/20      AC:  3    Str: 10    XL:     3   Next: 41%
Magic:  5/5        EV: 12    Int: 13    God:
Gold:   14         SH:  0    Dex: 18    Spells: 2/2 levels left

rFire   . . .        Y - +0 shortbow
rCold   . . .        (shield currently unavailable)
rNeg    + . .        c - +0 leather armour
rPois   .            (no helmet)
rElec   .            (no cloak)
rCorr   .            (no gloves)
SInv    .            (no boots)
Will    .....        (no amulet)
Stlth   ++           e - ring of positive energy
HPRegen 0.23/turn    (no ring)
MPRegen 0.09/turn

%: no passive effects
@: no status effects
A: no striking features
a: no special abilities


You were on level 2 of the Dungeon.
You visited 1 branch of the dungeon, and saw 2 of its levels.

You collected 14 gold pieces.


   Skills:
 - Level 1.5 Fighting
 + Level 7.0 Ranged Weapons
 - Level 2.4 Dodging
 - Level 1.2 Stealth


You had 2 spell levels left.
You didn't know any spells.
Your spell library was empty.

Inventory:

Hand Weapons
 Y - a +0 shortbow (weapon)
Armour
 c - a +0 leather armour (worn)
Jewellery
 b - a ring of ice
 e - a ring of positive energy (left hand)
Scrolls
 a - a scroll of teleportation {unknown}
Potions
 d - a potion of curing
 g - a potion of berserk rage {unknown}
 h - a potion of ambrosia {unknown}

Dungeon Overview and Level Annotations

Branches:
Dungeon (2/15)

Altars:

Annotations:
D:2 Sigmund


Message History

981 ||| STILL FLEEEEING.
982 ||| FLEEEEING.
983 ||| FLEEEEING.
984 ||| FLEEEEING.
985 ||| FLEEEEING.
986 ||| FLEEEEING.
You shoot an arrow. The arrow completely misses Sigmund.
You shoot an arrow. The arrow hits Sigmund.
Sigmund is moderately wounded.
You shoot an arrow. The arrow hits Sigmund!
Sigmund is severely wounded.
You shoot an arrow.
The arrow hits Sigmund but does no damage.
Sigmund is severely wounded.
You shoot an arrow. The arrow closely misses Sigmund.
You shoot an arrow. The arrow hits Sigmund.
Sigmund is almost dead.
Sigmund gestures at you while chanting. The magic dart hits you!
You shoot an arrow.
The arrow hits Sigmund but does no damage.
Sigmund is almost dead.
Sigmund casts a spell.
Sigmund flickers and vanishes!
Deactivating autopickup; reactivate with Ctrl-A.
You hear some strange, mumbled words.
Something tries to affect you, but you resist.
994 ||| STILL FLEEEEING.
995 ||| STILL FLEEEEING.
You shoot an arrow.
You hear some strange, mumbled words.
A puff of flame appears from out of thin air!
The puff of flame hits you.
You shoot an arrow. Something hits you.
You shoot an arrow. You shoot an arrow. Something hits you!
Ouch! That really hurt!
You die...

#.# #.# #.# #.#
#.# #.# #.# #.#
#@# ## #.#
#..############{#
#.............#
#.#############
#. #. #. #.


There were no monsters in sight!

Vanquished Creatures
  3 dart slugs
  4 ball pythons (D:1)
  4 endoplasms
  2 giant cockroaches (D:2)
  4 goblins (D:1)
  7 jackals (D:1)
  4 bats (D:1)
  2 frilled lizards
  A kobold (D:1)
  4 rats
35 creatures vanquished.

Notes
Turn   | Place    | Note
-------+----------+-------------------------------------------
     0 | D:1      | qw the Deep Elf Hunter began the quest for the Orb.
     0 | D:1      | Reached XP level 1. HP: 12/12 MP: 3/3
     0 | D:1      | 0 ||| qw: Version: 0.3-a-9-g12657ce
     0 | D:1      | 0 ||| qw: Game counter: 1745
     0 | D:1      | 0 ||| qw: Always use a shield: true
     0 | D:1      | 0 ||| qw: God list: Okawaru
     0 | D:1      | 0 ||| qw: Allow faded altars: false
     0 | D:1      | 0 ||| qw: Do Orc after D:15 true
     0 | D:1      | 0 ||| qw: Do second Lair branch before Depths: true
     0 | D:1      | 0 ||| qw: Lair rune preference: random
     0 | D:1      | 0 ||| qw: Plans: Normal
     0 | D:1      | 0 ||| PLANNING D:1-11
   173 | D:1      | Reached XP level 2. HP: 16/16 MP: 4/4
   176 | D:1      | Reached skill level 6 in Ranged Weapons
   295 | D:1      | Found a faded altar of an unknown god.
   569 | D:1      | Reached XP level 3. HP: 20/20 MP: 5/5
   691 | D:1      | 691 ||| UPGRADING to ring of positive energy.
   692 | D:1      | 692 ||| READING scroll labelled XIGIAC MYCE.
   693 | D:1      | 693 ||| DRINKING 2 smoky brown potions.
   694 | D:1      | 694 ||| DROPPING scroll of butterflies.
   939 | D:2      | Reached skill level 7 in Ranged Weapons
   974 | D:2      | Noticed Sigmund
   976 | D:2      | 976 ||| FLEEEEING.
   982 | D:2      | 982 ||| FLEEEEING.
   983 | D:2      | 983 ||| FLEEEEING.
   984 | D:2      | 984 ||| FLEEEEING.
   985 | D:2      | 985 ||| FLEEEEING.
   986 | D:2      | 986 ||| FLEEEEING.
   999 | D:2      | Slain by Sigmund

Levels and vault maps discovered:
D:1:      tarquinn_simple_flora_water_d, layout_basic, basic_ecumenical_altar
D:2:      layout_basic, uniq_sigmund

Skill      XL: |  1  2  3 |
---------------+----------+-----
Ranged Weapons | 6 7 |  7.0
Fighting       | |  1.5
Dodging        | |  2.4
Stealth        | |  1.2

Action                     || total
---------------------------++-------
   Fire: Shortbow          ||    93
    Use: Scroll            ||     1
         Potion            ||     1
 Armour: Leather armour    ||     4
  Dodge: Dodged            ||    12

Table legend:
 A = Non-vault XP
 B = Vault XP
 C = Vault XP percentage of total XP
 D = Non-vault monster count
 E = Vault monster count
 F = Vault count percentage of total count
                 A         B        C        D         E       F
            +---------+---------+-------+---------+---------+-------
      Total |      64 |       0 |   0.0 |      35 |       0 |   0.0
            +---------+---------+-------+---------+---------+-------
        D:1 |      48 |       0 |   0.0 |      28 |       0 |   0.0
        D:2 |      16 |       0 |   0.0 |       7 |       0 |   0.0
            +---------+---------+-------+---------+---------+-------
